TOP OF THE 1ST |
Niagara Falls Phantoms batting - Pitching for Columbus Reds : RHP Brian Trejo
|
Pitching: RHP Brian Trejo
|
|
Batting: LHB Aaron Joyner
|
0-0: Called Strike 0-1: Called Strike 0-2: Strikes out looking
|
Batting: SHB Mukhtar Wa'il
|
0-0: SINGLE (Groundball, 4MD, EV 108.8 MPH)
|
Batting: RHB Devon Utley
|
0-0: Called Strike 0-1: Ball Wild Pitch! Mukhtar Wa'il to second 1-1: Foul Ball, location: 2F 1-2: Foul Ball, location: 2F 1-2: Ball 2-2: Ball 3-2: Base on Balls
|
Batting: LHB Jose Lebron
|
0-0: Ball 1-0: Called Strike 1-1: 3-RUN HOME RUN (Flyball, 9D, EV 96.3 MPH), Distance : 383 ft
|
Batting: LHB Bart Davies
|
0-0: Ball 1-0: Called Strike 1-1: Ball 2-1: Ball 3-1: Base on Balls
|
Batting: RHB Dale Altman
|
0-0: Ball 1-0: Ball 2-0: Ball 3-0: Called Strike 3-1: Base on Balls Bart Davies to second
|
Batting: RHB Mark Stafford
|
0-0: Fielders Choice at 2nd, 3-6 (Groundball, 34S, EV 93.1 MPH) Bart Davies to third
|
Batting: RHB John Sprenkel
|
0-0: Swinging Strike 0-1: Called Strike 0-2: Strikes out swinging
|
Top of the 1st over - 3 runs, 2 hits, 0 errors, 2 left on base; Niagara Falls 3 - Columbus 0 |
BOTTOM OF THE 1ST |
Columbus Reds batting - Pitching for Niagara Falls Phantoms : LHP Omar Quinones
|
Pitching: LHP Omar Quinones
|
|
Batting: LHB Keith Egan
|
0-0: Called Strike 0-1: Swinging Strike 0-2: Foul Ball, location: 2F 0-2: Ball 1-2: Foul Ball, location: 2F 1-2: Foul Ball, location: 2F 1-2: Strikes out looking
|
Batting: LHB Tim Kirk
|
0-0: Ball 1-0: Swinging Strike 1-1: Swinging Strike 1-2: Strikes out swinging
|
Batting: RHB Pat McCoy
|
0-0: Fly out, F7 (Flyball, 7, EV 85.0 MPH)
|
Bottom of the 1st over - 0 runs, 0 hits, 0 errors, 0 left on base; Niagara Falls 3 - Columbus 0 |
TOP OF THE 2ND |
Niagara Falls Phantoms batting - Pitching for Columbus Reds : RHP Brian Trejo
|
Batting: RHB Ben Kidder
|
0-0: Called Strike 0-1: Swinging Strike 0-2: Ball 1-2: Fly out, F7 (Flyball, 7LS, EV 96.9 MPH)
|
Batting: LHB Aaron Joyner
|
0-0: Foul Ball, location: 2F 0-1: Foul Ball, location: 2F 0-2: Ball 1-2: Foul Ball, location: 2F 1-2: DOUBLE (Flyball, 78XD, EV 95.6 MPH)
|
Batting: SHB Mukhtar Wa'il
|
0-0: Ball 1-0: Called Strike 1-1: Reached on error, E7 (Flyball, 7S, EV 94.4 MPH) Aaron Joyner to third
|
Batting: RHB Devon Utley
|
0-0: Ball 1-0: Ball 2-0: Foul Ball, location: 2F 2-1: SINGLE (Groundball, 6D, EV 101.9 MPH) Aaron Joyner scores Mukhtar Wa'il to second
|
Batting: LHB Jose Lebron
|
0-0: Called Strike 0-1: Foul Ball, location: 2F 0-2: Foul Ball, location: 2F 0-2: Ball 1-2: Foul Ball, location: 2F 1-2: Ball 2-2: Ball 3-2: Foul Ball, location: 2F 3-2: Foul Ball, location: 2F 3-2: Base on Balls Mukhtar Wa'il to third Devon Utley to second
|
Batting: LHB Bart Davies
|
0-0: Ball 1-0: SINGLE (Line Drive, 4MD, EV 103.8 MPH) Mukhtar Wa'il scores Devon Utley to third Jose Lebron to second Runner from 3rd tries for Home, throw by CF and OUT! 8-2
|
Batting: RHB Dale Altman
|
0-0: Fly out, F8 (Flyball, 8RD, EV 89.4 MPH)
|
Top of the 2nd over - 2 runs, 3 hits, 1 error, 2 left on base; Niagara Falls 5 - Columbus 0 |
BOTTOM OF THE 2ND |
Columbus Reds batting - Pitching for Niagara Falls Phantoms : LHP Omar Quinones
|
Pitching: LHP Dustin Shaw
|
|
Batting: LHB Chris Redhead
|
0-0: Ball 1-0: Called Strike 1-1: Ball 2-1: Foul Ball, location: 2F 2-2: Foul Ball, location: 2F 2-2: Ball 3-2: Foul Ball, location: 2F 3-2: SINGLE (Groundball, 4M, EV 95.6 MPH)
|
Batting: RHB Sang-ton Pak
|
0-0: Fly out, F9 (Line Drive, 9, EV 106.9 MPH)
|
Batting: RHB Fred Barbour
|
0-0: Called Strike 0-1: Ball 1-1: Swinging Strike 1-2: Ball 2-2: Ball 3-2: SINGLE (Line Drive, 34D, EV 98.8 MPH) Chris Redhead to second Runner from 2nd tries for 3rd, SAFE, throw by RF made to third
|
Batting: LHB Elijah Benton
|
0-0: Called Strike 0-1: Foul Ball, location: 2F 0-2: Foul Ball, location: 2F 0-2: Strikes out swinging
|
Batting: RHB Alex Villagomez
|
0-0: Ball 1-0: Ball 2-0: Fielders Choice at 2nd, 6-4 (Groundball, 6, EV 103.8 MPH)
|
Bottom of the 2nd over - 0 runs, 2 hits, 0 errors, 2 left on base; Niagara Falls 5 - Columbus 0 |
TOP OF THE 3RD |
Niagara Falls Phantoms batting - Pitching for Columbus Reds : RHP Brian Trejo
|
Batting: RHB Mark Stafford
|
0-0: Foul Ball, location: 2F 0-1: SINGLE (Groundball, 6M, EV 86.3 MPH) (infield hit)
|
Batting: RHB John Sprenkel
|
0-0: Ball 1-0: Ball 2-0: Foul Ball, location: 2F 2-1: Fly out, F7 (Flyball, 78D, EV 101.9 MPH) Runner from 1st tags up, SAFE at 2nd
|
Pitching: RHP R.J. Romberg
|
|
Batting: RHB Ben Kidder
|
0-0: Foul Ball, location: 2F 0-1: Hit by Pitch
|
Batting: LHB Aaron Joyner
|
0-0: Ball 1-0: Foul Ball, location: 2F 1-1: Ball 2-1: Fielders Choice at 2nd, 3-6 (Groundball, 34, EV 105.0 MPH) Mark Stafford to third
|
Batting: SHB Mukhtar Wa'il
|
0-0: Foul Ball, location: 2F 0-1: Called Strike 0-2: Hit by Pitch Aaron Joyner to second
|
Batting: RHB Devon Utley
|
0-0: Foul Ball, location: 2F 0-1: Called Strike 0-2: Ball Balk! Mark Stafford scores Aaron Joyner to third Mukhtar Wa'il to second 1-2: Foul Ball, location: 2F 1-2: Foul Ball, location: 2F 1-2: Fly out, F7 (Flyball, 7, EV 88.8 MPH)
|
Top of the 3rd over - 1 run, 1 hit, 0 errors, 2 left on base; Niagara Falls 6 - Columbus 0 |
BOTTOM OF THE 3RD |
Columbus Reds batting - Pitching for Niagara Falls Phantoms : LHP Dustin Shaw
|
Batting: RHB Alex de Leon
|
0-0: Foul Ball, location: 2F 0-1: Fly out, F3 (Popup, 3S, EV 72.5 MPH)
|
Batting: LHB Keith Egan
|
0-0: Ground out 6-3 (Groundball, 56D, EV 86.9 MPH)
|
Batting: LHB Tim Kirk
|
0-0: Ball 1-0: Foul Ball, location: 2F 1-1: Called Strike 1-2: Ball 2-2: Ball 3-2: Ground out 4-3 (Groundball, 4, EV 86.9 MPH)
|
Bottom of the 3rd over - 0 runs, 0 hits, 0 errors, 0 left on base; Niagara Falls 6 - Columbus 0 |
TOP OF THE 4TH |
Niagara Falls Phantoms batting - Pitching for Columbus Reds : RHP R.J. Romberg
|
Batting: LHB Jose Lebron
|
0-0: Swinging Strike 0-1: Fly out, F3 (Popup, 23F, EV 85.0 MPH)
|
Batting: LHB Bart Davies
|
0-0: Called Strike 0-1: SINGLE (Line Drive, 34, EV 95.6 MPH)
|
Batting: RHB Dale Altman
|
0-0: SINGLE (Groundball, 6MD, EV 97.5 MPH) Bart Davies to second
|
Batting: RHB Mark Stafford
|
0-0: Called Strike 0-1: Foul Ball, location: 2F 0-2: Fly out, F8 (Flyball, 8RM, EV 75.0 MPH)
|
Batting: RHB John Sprenkel
|
0-0: Ball 1-0: Foul Ball, location: 2F 1-1: Ball 2-1: Ball 3-1: Base on Balls Bart Davies to third Dale Altman to second
|
Batting: RHB Ben Kidder
|
0-0: DOUBLE (Line Drive, 9LS, EV 102.5 MPH) Bart Davies scores Dale Altman scores John Sprenkel to third Runner from 3rd tries for Home, SAFE, throw by RF to home
|
Batting: LHB Aaron Joyner
|
0-0: Called Strike 0-1: Ball 1-1: Foul Ball, location: 2F 1-2: Ball 2-2: SINGLE (Groundball, 13S, EV 70.6 MPH) (infield hit) Ben Kidder to third
|
Batting: SHB Mukhtar Wa'il
|
0-0: Foul Ball, location: 2F 0-1: Fly out, F4 (Popup, 3DF, EV 49.4 MPH)
|
Top of the 4th over - 3 runs, 4 hits, 0 errors, 2 left on base; Niagara Falls 9 - Columbus 0 |
BOTTOM OF THE 4TH |
Columbus Reds batting - Pitching for Niagara Falls Phantoms : LHP Dustin Shaw
|
Batting: RHB Pat McCoy
|
0-0: Ball 1-0: Called Strike 1-1: SINGLE (Line Drive, 78S, EV 86.9 MPH)
|
Batting: LHB Chris Redhead
|
0-0: Foul Ball, location: 2F 0-1: Ball 1-1: Foul Ball, location: 2F 1-2: Fly out, F9 (Flyball, 9LM, EV 98.8 MPH)
|
Batting: RHB Sang-ton Pak
|
0-0: Called Strike 0-1: Ball 1-1: Foul Ball, location: 2F 1-2: Foul Ball, location: 2F 1-2: Ball 2-2: Strikes out swinging
|
Batting: RHB Fred Barbour
|
0-0: Called Strike 0-1: SINGLE (Flyball, 34D, EV 98.8 MPH) Pat McCoy to second
|
Batting: LHB Elijah Benton
|
0-0: Called Strike 0-1: Ball 1-1: Foul Ball, location: 2F 1-2: Strikes out swinging
|
Bottom of the 4th over - 0 runs, 2 hits, 0 errors, 2 left on base; Niagara Falls 9 - Columbus 0 |
TOP OF THE 5TH |
Niagara Falls Phantoms batting - Pitching for Columbus Reds : RHP R.J. Romberg
|
Batting: RHB Devon Utley
|
0-0: Ball 1-0: Ball 2-0: Ball 3-0: Base on Balls
|
Batting: LHB Jose Lebron
|
0-0: Called Strike 0-1: Ball 1-1: Ball 2-1: Called Strike 2-2: Ball 3-2: Base on Balls Devon Utley to second
|
Batting: LHB Bart Davies
|
0-0: Called Strike 0-1: Ball 1-1: Ball 2-1: Called Strike 2-2: Foul Ball, location: 2F 2-2: Ball 3-2: SINGLE (Groundball, 4S, EV 95.6 MPH) Devon Utley to third Jose Lebron to second
|
Batting: RHB Dale Altman
|
0-0: Called Strike 0-1: Ball 1-1: Called Strike 1-2: Ball 2-2: Foul Ball, location: 2F 2-2: Foul Ball, location: 2F 2-2: SINGLE (Groundball, 4M, EV 105.6 MPH) (infield hit) Devon Utley scores Jose Lebron to third Bart Davies to second
|
Pitching: RHP Matt Cronin
|
|
Batting: RHB Mark Stafford
|
0-0: Fly out, F4 (Popup, 4, EV 71.9 MPH)
|
Batting: RHB John Sprenkel
|
0-0: Fly out, F8 (Flyball, 8LM, EV 76.3 MPH) Runner from 3rd tags up, SCORES, throw by CF
|
Batting: RHB Ben Kidder
|
0-0: Called Strike 0-1: Called Strike 0-2: Ball 1-2: Ball 2-2: Strikes out looking
|
Top of the 5th over - 2 runs, 2 hits, 0 errors, 2 left on base; Niagara Falls 11 - Columbus 0 |
BOTTOM OF THE 5TH |
Columbus Reds batting - Pitching for Niagara Falls Phantoms : LHP Dustin Shaw
|
Batting: RHB Alex Villagomez
|
0-0: Called Strike 0-1: Ball 1-1: Swinging Strike 1-2: Strikes out looking
|
Batting: RHB Alex de Leon
|
0-0: Called Strike 0-1: Fly out, F8 (Flyball, 8LD, EV 103.8 MPH)
|
Batting: LHB Keith Egan
|
0-0: Ground out 6-3 (Groundball, 6, EV 98.1 MPH)
|
Bottom of the 5th over - 0 runs, 0 hits, 0 errors, 0 left on base; Niagara Falls 11 - Columbus 0 |
TOP OF THE 6TH |
Niagara Falls Phantoms batting - Pitching for Columbus Reds : RHP Matt Cronin
|
Batting: LHB Aaron Joyner
|
0-0: Ball 1-0: Ball 2-0: Ball 3-0: Base on Balls
|
Batting: SHB Mukhtar Wa'il
|
0-0: Called Strike 0-1: SINGLE (Flyball, 78S, EV 91.3 MPH) Aaron Joyner to second
|
Batting: RHB Devon Utley
|
0-0: Ball 1-0: 3-RUN HOME RUN (Flyball, 7D, EV 105.0 MPH), Distance : 403 ft
|
Batting: LHB Jose Lebron
|
0-0: Called Strike 0-1: Ball 1-1: Called Strike 1-2: SOLO HOME RUN (Flyball, 9D, EV 98.1 MPH), Distance : 382 ft
|
Pitching: LHP Davy Thorne
|
|
Batting: LHB Bart Davies
|
0-0: Foul Ball, location: 2F 0-1: Foul Ball, location: 2F 0-2: Ball 1-2: Foul Ball, location: 2F 1-2: Ball 2-2: Strikes out swinging
|
Batting: RHB Dale Altman
|
0-0: Called Strike 0-1: Foul Ball, location: 2F 0-2: Foul Ball, location: 2F 0-2: Strikes out swinging
|
Batting: RHB Mark Stafford
|
0-0: Called Strike 0-1: Ball 1-1: Called Strike 1-2: Ball 2-2: Strikes out looking
|
Top of the 6th over - 4 runs, 3 hits, 0 errors, 0 left on base; Niagara Falls 15 - Columbus 0 |
BOTTOM OF THE 6TH |
Columbus Reds batting - Pitching for Niagara Falls Phantoms : LHP Dustin Shaw
|
Pitching: RHP Eddie Aguilar
|
|
Batting: LHB Tim Kirk
|
0-0: Ball 1-0: Ground out 4-3 (Groundball, 4, EV 93.1 MPH)
|
Batting: RHB Pat McCoy
|
0-0: Ball 1-0: Called Strike 1-1: Ball 2-1: Swinging Strike 2-2: Foul Ball, location: 2F 2-2: Strikes out swinging
|
Batting: LHB Chris Redhead
|
0-0: Called Strike 0-1: Fly out, F6 (Flyball, 56D, EV 82.5 MPH)
|
Bottom of the 6th over - 0 runs, 0 hits, 0 errors, 0 left on base; Niagara Falls 15 - Columbus 0 |
TOP OF THE 7TH |
Niagara Falls Phantoms batting - Pitching for Columbus Reds : LHP Davy Thorne
|
Batting: RHB John Sprenkel
|
0-0: Called Strike 0-1: Ball 1-1: Foul Ball, location: 2F 1-2: Foul Ball, location: 2F 1-2: Ball 2-2: Foul Ball, location: 2F 2-2: Strikes out swinging
|
Pitching: RHP Kyle Vance
|
|
Batting: RHB Ben Kidder
|
0-0: Ground out 6-3 (Groundball, 6M, EV 85.0 MPH)
|
Batting: LHB Aaron Joyner
|
0-0: Foul Ball, location: 2F 0-1: Foul Ball, location: 2F 0-2: Ball 1-2: Strikes out looking
|
Top of the 7th over - 0 runs, 0 hits, 0 errors, 0 left on base; Niagara Falls 15 - Columbus 0 |
BOTTOM OF THE 7TH |
Columbus Reds batting - Pitching for Niagara Falls Phantoms : RHP Eddie Aguilar
|
Batting: RHB Sang-ton Pak
|
0-0: Called Strike 0-1: Called Strike 0-2: Foul Ball, location: 2F 0-2: Ball 1-2: Strikes out looking
|
Batting: RHB Fred Barbour
|
0-0: Ball 1-0: Foul Ball, location: 2F 1-1: Foul Ball, location: 2F 1-2: Foul Ball, location: 2F 1-2: Ball 2-2: Foul Ball, location: 2F 2-2: Foul Ball, location: 2F 2-2: Foul Ball, location: 2F 2-2: Strikes out swinging
|
Batting: LHB Elijah Benton
|
0-0: Foul Ball, location: 2F 0-1: Ground out 4-3 (Groundball, 4M, EV 94.4 MPH)
|
Bottom of the 7th over - 0 runs, 0 hits, 0 errors, 0 left on base; Niagara Falls 15 - Columbus 0 |
TOP OF THE 8TH |
Niagara Falls Phantoms batting - Pitching for Columbus Reds : RHP Kyle Vance
|
Pinch Hitting: RHB Bryan Massey
|
0-0: Swinging Strike 0-1: SINGLE (Line Drive, 9S, EV 101.9 MPH)
|
Batting: RHB Devon Utley
|
0-0: Called Strike 0-1: SINGLE (Line Drive, 7S, EV 88.1 MPH) Bryan Massey to second
|
Pinch Hitting: LHB Dale Anderson
|
0-0: Ball 1-0: Foul Ball, location: 2F 1-1: Ball 2-1: Swinging Strike 2-2: Strikes out swinging
|
Pinch Hitting: RHB Christian Shearer
|
0-0: Foul Ball, location: 2F 0-1: Swinging Strike 0-2: Ball 1-2: Ball 2-2: Ball 3-2: Foul Ball, location: 2F 3-2: Base on Balls Bryan Massey to third Devon Utley to second
|
Pitching: RHP Dave Baber
|
|
Batting: RHB Dale Altman
|
0-0: Called Strike 0-1: Ball 1-1: Foul Ball, location: 2F 1-2: Strikes out swinging
|
Batting: RHB Mark Stafford
|
0-0: Called Strike 0-1: Ball 1-1: Called Strike 1-2: Foul Ball, location: 2F 1-2: Fly out, F7 (Line Drive, 7D, EV 103.1 MPH)
|
Top of the 8th over - 0 runs, 2 hits, 0 errors, 3 left on base; Niagara Falls 15 - Columbus 0 |
BOTTOM OF THE 8TH |
Columbus Reds batting - Pitching for Niagara Falls Phantoms : RHP Eddie Aguilar
|
Now at 1B: Francisco Aguayo
|
|
Now at SS: Christian Shearer
|
|
Now in LF: John Sprenkel
|
|
Now in RF: Antonio Castillo
|
|
Batting: RHB Alex Villagomez
|
0-0: Ball 1-0: SINGLE (Groundball, 6D, EV 108.1 MPH)
|
Batting: RHB Alex de Leon
|
0-0: Ball 1-0: Swinging Strike 1-1: Foul Ball, location: 2F 1-2: Foul Ball, location: 2F 1-2: Ball 2-2: Strikes out looking
|
Pitching: LHP George Grady
|
|
Batting: LHB Keith Egan
|
0-0: Ball 1-0: Called Strike 1-1: Foul Ball, location: 2F 1-2: Foul Ball, location: 2F 1-2: Foul Ball, location: 2F 1-2: Ball 2-2: Strikes out swinging
|
Batting: LHB Tim Kirk
|
0-0: Ball 1-0: Fly out, F8 (Flyball, 78M, EV 91.9 MPH)
|
Bottom of the 8th over - 0 runs, 1 hit, 0 errors, 1 left on base; Niagara Falls 15 - Columbus 0 |
TOP OF THE 9TH |
Niagara Falls Phantoms batting - Pitching for Columbus Reds : RHP Dave Baber
|
Batting: RHB John Sprenkel
|
0-0: Ball 1-0: Ball 2-0: Ball 3-0: Base on Balls
|
Batting: RHB Ben Kidder
|
0-0: Ball 1-0: Swinging Strike 1-1: Ball 2-1: Foul Ball, location: 2F 2-2: Ball 3-2: Strikes out looking
|
Batting: LHB Aaron Joyner
|
0-0: Called Strike 0-1: Swinging Strike 0-2: Ball 1-2: Strikes out swinging
|
Batting: RHB Antonio Castillo
|
0-0: SINGLE (Line Drive, 5D, EV 98.1 MPH) John Sprenkel to second
|
Batting: RHB Devon Utley
|
0-0: Called Strike 0-1: Swinging Strike 0-2: Ball 1-2: Foul Ball, location: 2F 1-2: Ball 2-2: Foul Ball, location: 2F 2-2: Foul Ball, location: 2F 2-2: SINGLE (Line Drive, 4D, EV 95.0 MPH) John Sprenkel to third Antonio Castillo to second Runner from 3rd tries for Home, SAFE, throw by CF to home
|
Pinch Hitting: RHB Matt Crane
|
0-0: Ball 1-0: Ball 2-0: DOUBLE (Line Drive, 78D, EV 98.8 MPH) Antonio Castillo scores Devon Utley to third Runner from 3rd tries for Home, SAFE, no throw by CF
|
Pinch Hitting: RHB Iften Olujimi
|
0-0: Foul Ball, location: 2F 0-1: Foul Ball, location: 2F 0-2: Ball 1-2: Foul Ball, location: 2F 1-2: Ball 2-2: Foul Ball, location: 2F 2-2: Strikes out swinging
|
Top of the 9th over - 3 runs, 3 hits, 0 errors, 1 left on base; Niagara Falls 18 - Columbus 0 |
BOTTOM OF THE 9TH |
Columbus Reds batting - Pitching for Niagara Falls Phantoms : LHP George Grady
|
Pitching: RHP Bill Setzer
|
|
Now at 1B: Matt Crane
|
|
Now at SS: Iften Olujimi
|
|
Batting: RHB Pat McCoy
|
0-0: Swinging Strike 0-1: Swinging Strike 0-2: Foul Ball, location: 2F 0-2: Strikes out looking
|
Batting: LHB Chris Redhead
|
0-0: Ball 1-0: Called Strike 1-1: Ball 2-1: Ball 3-1: SINGLE (Line Drive, 9S, EV 102.5 MPH)
|
Batting: RHB Sang-ton Pak
|
0-0: Foul Ball, location: 2F 0-1: Ball 1-1: Ball 2-1: Foul Ball, location: 2F 2-2: Strikes out swinging
|
Batting: RHB Fred Barbour
|
0-0: Called Strike 0-1: Ball Wild Pitch! Chris Redhead to second 1-1: Ball 2-1: Called Strike 2-2: Strikes out swinging
|
Bottom of the 9th over - 0 runs, 1 hit, 0 errors, 1 left on base; Niagara Falls 18 - Columbus 0 |
|